 Dungeon Crawl Stone Soup version 0.18-a0-1186-gd02dc51 (webtiles) character file.

12883 Lathuz the Cleaver (level 11, -6/104 HPs)
             Began as a Minotaur Berserker on Jan 28, 2016.
             Was a High Priest of Trog.
             Mangled by a skeletal warrior
             ... wielding a +0 glaive
             ... led by a death knight
              (18 damage)
             ... on level 11 of the Dungeon.
             The game lasted 00:30:39 (12215 turns).

Lathuz the Cleaver (Minotaur Berserker)            Turns: 12215, Time: 00:30:39

Health: -6/104     AC: 18    Str: 24    XL:     11   Next: 68%
Magic:  10/10      EV:  8    Int:  7    God:    Trog [*****.]
Gold:   248        SH:  0    Dex: 13    Spells: 0 memorised, 10 levels left

rFire  . . .     SeeInvis .     w - +0 war axe
rCold  . . .     Gourm    .     G - +1 plate armour {rPois}
rNeg   . . .     Faith    .     (no shield)
rPois  +         Spirit   .     (helmet restricted)
rElec  .         Dismiss  .     i - +1 cloak
rCorr  .         Reflect  .     (no gloves)
SustAt .         Harm     .     (no boots)
MR     ++...                    (no amulet)
Stlth  ..........               (no ring)
                                F - ring of Sin {Int+3 Dex+2}

@: exhausted, regenerating, slowed, very slow, very resistant to hostile
enchantments, extremely unstealthy
A: retaliatory headbutt, horns 2
a: Berserk, Trog's Hand, Brothers in Arms, Burn Spellbooks, Renounce Religion


You were on level 11 of the Dungeon.
You worshipped Trog.
Trog was extremely pleased with you.
You were not hungry.

You visited 1 branch of the dungeon, and saw 11 of its levels.

You collected 698 gold pieces.
You spent 450 gold pieces at shops.

Inventory:

Hand Weapons
 w - a +0 war axe (weapon)
Missiles
 o - 296 stones (quivered)
Armour
 i - a +1 cloak (worn)
 G - a +1 plate armour of poison resistance (worn)
Jewellery
 u - an uncursed ring of ice {unknown}
 B - an uncursed ring of sustain attributes
 F - the ring of Sin (left hand) {Int+3 Dex+2}
   (You found it on level 6 of the Dungeon)

   [ring of dexterity]

   It affects your intelligence (+3).
   It affects your dexterity (+2).
 K - an uncursed amulet of the gourmand
Wands
 a - a wand of magic darts (32/48)
 q - a wand of lightning (7/15)
 t - a wand of disintegration (21/24)
 v - a wand of digging (24/24)
 x - a wand of disintegration (5/24)
 y - a wand of slowing (14/48)
 I - a wand of magic darts (15/48)
 J - a wand of fire (9/15)
 N - a wand of draining (7/15)
 T - a wand of disintegration (10/24)
Scrolls
 f - a scroll of random uselessness {unknown}
 g - 3 scrolls of vulnerability
 h - 2 scrolls of noise {unknown}
 j - 4 scrolls of remove curse
 l - 2 scrolls of amnesia {unknown}
 n - 2 scrolls of teleportation
 p - 3 scrolls of magic mapping {unknown}
 A - a scroll of blinking {unknown}
 O - a scroll of enchant armour
 P - 2 scrolls of recharging
 R - a scroll of brand weapon {unknown}
Potions
 b - 4 potions of brilliance
 d - 4 potions of might
 e - 4 potions of ambrosia
 m - a potion of haste {unknown}
 r - 4 potions of berserk rage
 s - 7 potions of curing
 z - 2 potions of poison {unknown}
 E - a potion of magic {unknown}
 H - a potion of heal wounds
 L - a potion of lignification {unknown}
 M - a potion of cancellation {unknown}
 Q - 2 potions of resistance {unknown}
 S - a potion of agility {unknown}
Comestibles
 c - 5 bread rations
 k - 4 meat rations
 C - 7 slices of pizza
 D - 3 beef jerkies


   Skills:
 - Level 12.2 Fighting
 * Level 14.9 Axes
 + Level 11.6 Armour
 - Level 2.1 Dodging


You had 10 spell levels left.
You didn't know any spells.

Dungeon Overview and Level Annotations

Branches:
Dungeon (11/15)            Temple (0/1) D:4             Orc (0/2) D:9
   Lair: D:8-11

Altars:
Cheibriados
Dithmenos
Fedhas
Gozag
Kikubaaqudgha
Makhleb
Nemelex Xobeh
Okawaru
Qazlal
Sif Muna
Vehumet
Xom
Yredelemnul
The Shining One

Shops:
D:5 *   D:7 [   D:8 }   D:10 *


Innate Abilities, Weirdness & Mutations

You reflexively headbutt those who attack you in melee.
You have a pair of horns on your head.


Message History

You headbutt the freezing wraith, but do no damage.
The freezing wraith barely misses you.
You continue eating.
You feel the effects of Trog's Hand fading.
The skeletal warrior hits you from afar with a glaive!
The freezing wraith barely misses you. x2
The skeletal warrior hits you from afar with a glaive!
You continue eating.
The freezing wraith hits you but does no damage. x2
The freezing wraith hits you. The freezing wraith freezes you!!
* * * LOW HITPOINT WARNING * * *
The freezing wraith barely misses you.
The skeletal warrior hits you from afar with a glaive!
* * * LOW HITPOINT WARNING * * *
You finish eating.
That bread ration really hit the spot!
You closely miss the freezing wraith.
The freezing wraith is heavily damaged.
The freezing wraith hits you but does no damage. x2
The skeletal warrior hits you from afar with a glaive!!
You die...

##'### ###....# ########.'....#
.........#....#
#####.########....# ........+
#.....# ###'## ........# ###.###
#..## ........# #)# ##...
...≈...(# #@# ###. .≈≈.....##
##W# #########. ≈≈≈≈z....# #.z#
#......... ≈≈≈≈≈≈p(.# ###.####
#......... ≈≈≈.....(####......###
#>........
≈≈≈≈≈≈...............###.........
............#......#.............
≈≈≈≈≈≈..#####(.....#####.........
≈≈≈≈≈≈..# ####.### #.........


You could see a skeletal warrior and a freezing wraith.

Vanquished Creatures
  Erolcha (D:10)
  A death knight (D:11)
  A skeletal warrior (D:11)
  A hill giant (D:10)
  The ghost of YrmMerkstave the Nimble, a novice SpEn of Dithmenos (D:6)
  A gargoyle (D:10)
  2 trolls
  A two-headed ogre (D:9)
  4 polar bears (D:8)
  Grinder (D:3)
  Sigmund (D:6)
  A water elemental (D:11)
  A vampire (D:11)
  4 yaks (D:8)
  A wyvern (D:11)
  A human (D:8)
  2 hippogriffs
  A hungry ghost (D:9)
  3 wolves
  A mottled dragon (D:9)
  A water moccasin (D:10)
  Purgy (D:3)
  4 orc warriors
  A sky beast (D:10)
  2 black bears
  3 ice beasts
  A necrophage (D:5)
  3 phantoms
  7 centaurs
  8 ogres
  A crocodile (D:11)
  7 giant frogs
  A water moccasin zombie (D:9)
  5 scorpions
  12 killer bees
  3 wights (D:9)
  An electric eel (D:8)
  10 crimson imps
  A wasp zombie (D:10)
  2 lava snakes (D:9)
  A giant frog zombie (D:5)
  A wyvern simulacrum (D:8)
  A giant frog skeleton (D:4)
  5 hounds
  12 orc wizards
  4 orc priests
  A centaur skeleton (D:6)
  4 iguanas
  Jessica (D:3)
  Ijyb (D:2)
  10 worker ants
  A killer bee zombie (D:8)
  3 sheep (D:8)
  A hound zombie (D:6)
  A mummy (D:8)
  A killer bee simulacrum (D:8)
  A worker ant zombie (D:5)
  15 adders
  6 gnolls
  2 shadow imps
  6 white imps (D:8)
  2 oozes
  2 adder zombies
  An adder skeleton (D:7)
  5 giant geckos
  24 orcs
  4 ball pythons
  7 giant cockroaches
  13 goblins
  4 hobgoblins
  18 jackals
  4 quokkas
  7 bats
  3 giant newts
  A jackal zombie (D:5)
  12 kobolds
  4 rats
293 creatures vanquished.

Vanquished Creatures (others)
  A yak (D:8)
  A centaur (D:8)
  A giant frog (D:8)
3 creatures vanquished.

Grand Total: 296 creatures vanquished

Notes
Turn   | Place    | Note
--------------------------------------------------------------
     0 | D:1      | Lathuz the Minotaur Berserker began the quest for the Orb.
     0 | D:1      | Reached XP level 1. HP: 19/19 MP: 0/0
   437 | D:1      | Reached skill level 4 in Axes
   538 | D:1      | Reached XP level 2. HP: 27/27 MP: 1/1
  1223 | D:2      | Reached XP level 3. HP: 33/33 MP: 2/2
  1236 | D:2      | Noticed Ijyb
  1246 | D:2      | Killed Ijyb
  1246 | D:2      | Reached skill level 5 in Axes
  1262 | D:2      | Reached XP level 4. HP: 37/40 MP: 3/3
  1263 | D:2      | Reached ** piety under Trog
  1848 | D:3      | Reached skill level 6 in Axes
  2008 | D:3      | Noticed Purgy
  2010 | D:3      | Noticed Jessica
  2023 | D:3      | Killed Purgy
  2023 | D:3      | Reached skill level 5 in Fighting
  2023 | D:3      | Reached XP level 5. HP: 48/48 MP: 4/4
  2026 | D:3      | Killed Jessica
  2026 | D:3      | Reached skill level 7 in Axes
  2306 | D:3      | Reached *** piety under Trog
  2306 | D:3      | Reached XP level 6. HP: 50/56 MP: 5/5
  2543 | D:3      | Found a stormy altar of Qazlal.
  2550 | D:3      | Noticed Grinder
  2559 | D:3      | Paralysed by Grinder for 4 turns
  2578 | D:3      | Killed Grinder
  2578 | D:3      | Reached skill level 8 in Axes
  2802 | D:3      | Noticed a hippogriff
  2827 | D:3      | Killed a hippogriff
  2827 | D:3      | Reached XP level 7. HP: 44/63 MP: 6/6
  3103 | D:4      | Reached skill level 9 in Axes
  3105 | D:4      | Found a burning altar of Makhleb.
  3148 | D:4      | Found a staircase to the Ecumenical Temple.
  3736 | D:4      | Found a deep blue altar of Sif Muna.
  3885 | D:5      | Entered Level 5 of the Dungeon
  4000 | D:5      | Found a radiant altar of Vehumet.
  4155 | D:5      | Reached skill level 10 in Axes
  4155 | D:5      | Reached XP level 8. HP: 63/73 MP: 7/7
  4198 | D:5      | Found Gozag's Platinum Reserve.
  4198 | D:5      | Found an opulent altar of Gozag.
  4393 | D:5      | Found an iron altar of Okawaru.
  4429 | D:5      | Found a snail-covered altar of Cheibriados.
  4442 | D:5      | Reached **** piety under Trog
  4673 | D:5      | You fall through a shaft for 3 floors!
  4799 | D:8      | Reached skill level 11 in Axes
  5001 | D:6      | Noticed Sigmund
  5001 | D:6      | Noticed YrmMerkstave's ghost (novice SpEn)
  5009 | D:6      | Killed Sigmund
  5009 | D:6      | Reached skill level 12 in Axes
  5009 | D:6      | Reached XP level 9. HP: 82/82 MP: 8/8
  5022 | D:6      | Killed YrmMerkstave's ghost
  5437 | D:6      | Got a crude amber ring
  5482 | D:6      | Reached skill level 5 in Armour
  5765 | D:6      | Reached skill level 10 in Fighting
  5832 | D:6      | Found a shadowy altar of Dithmenos.
  5889 | D:6      | Found a sparkling altar of Nemelex Xobeh.
  6055 | D:6      | Identified the ring of Sin {Int+3 Dex+2} (You found it on level 6 of the Dungeon)
  6278 | D:7      | Reached ***** piety under Trog
  6293 | D:7      | Found a basalt altar of Yredelemnul.
  6630 | D:7      | Found Nisooc's Armour Shoppe.
  6717 | D:7      | Bought a +1 plate armour of poison resistance for 384 gold pieces
  6744 | D:7      | Found an ancient bone altar of Kikubaaqudgha.
  6958 | D:7      | Reached XP level 10. HP: 84/95 MP: 9/9
  7135 | D:7      | Found a shimmering altar of Xom.
  7135 | D:7      | Found a blossoming altar of Fedhas.
  7437 | D:8      | Found Pody's Gadget Boutique.
  9097 | D:9      | Reached skill level 10 in Armour
  9305 | D:9      | Found a glowing golden altar of the Shining One.
  9751 | D:9      | Found a staircase to the Orcish Mines.
  9774 | D:9      | Reached skill level 13 in Axes
  9834 | D:9      | Reached XP level 11. HP: 80/104 MP: 10/10
 10468 | D:10     | Entered Level 10 of the Dungeon
 10590 | D:10     | Noticed a hill giant
 10611 | D:10     | Killed a hill giant
 10883 | D:10     | Found Hafipt's Assorted Antiques.
 10883 | D:10     | Noticed Erolcha
 10898 | D:10     | Killed Erolcha
 10988 | D:10     | Reached skill level 14 in Axes
 11081 | D:10     | Bought a scroll of identify for 66 gold pieces
 11529 | D:11     | Noticed a death knight
 11529 | D:11     | Noticed a skeletal warrior
 11529 | D:11     | Noticed a skeletal warrior
 11588 | D:11     | Found a snail-covered altar of Cheibriados.
 12195 | D:11     | Killed a death knight
 12207 | D:11     | Killed a skeletal warrior
 12215 | D:11     | Mangled by a skeletal warrior

Vault maps used:
D:1:      sevenhm_arrival_forest_fort_small_1
D:2:      first_bread, uniq_iyjb
D:3:      nicolae_overflow_crystal_walls, uniq_grinder, uniq_jessica, uniq_purgy
D:4:      overflow_temple_1_default, tgw_sif, minmay_temple_entry_purple_smoke
D:5:      old_standard_altar, vehumet_crystals, cheibriados_altar_wand_db,
          nicolae_gozag_zags_fifth_avenue
D:6:      kennysheep_mini, nicolae_dithmenos_through_a_glass_darkly,
          uniq_sigmund
D:7:      lemuel_round_altar, minitemple, serial_shops, shop_fountains,
          kennysheep_potato
D:8:      gup_ossuary_entry_pyramid, serial_ice, serial_ice_a, serial_ice_m,
          serial_ice_f, serial_ice_o, serial_ice_e, serial_ice_i, serial_ice_g,
          grunt_livestock, kennysheep_windowed_goal
D:9:      old_standard_altar, david_orc_3, kennysheep_big_empty_room,
          grunt_ministairs_14
D:10:     serial_shops, shop, grunt_ministairs_14, uniq_erolcha
D:11:     erik_lair_island, lemuel_tele_altar

Action                   |  1- 3 |  4- 6 |  7- 9 | 10-12 || total
-------------------------+-------+-------+-------+-------++-------
Melee: Hand axe          |    61 |   106 |   361 |       ||   528
       War axe           |       |       |    56 |   399 ||   455
Throw: Stone             |       |    97 |   241 |   223 ||   561
Invok: Berserk           |       |     1 |     3 |    10 ||    14
       Burn Spellbooks   |       |       |     1 |       ||     1
       Trog's Hand       |       |       |       |     2 ||     2
       Brothers in Arms  |       |       |       |     1 ||     1
  Use: Scroll            |       |       |    10 |     7 ||    17
       Potion            |       |       |       |     1 ||     1
  Eat: Chunk             |     1 |     4 |    14 |    12 ||    31
       Bread ration      |       |     1 |       |     4 ||     5
       Meat ration       |       |       |       |     1 ||     1
